 Dungeon Crawl Stone Soup version 0.32-a0-42-ga30500b4d3 (webtiles) character file.

Game seed: 486396202104790132

60 pascalblue the Conjurer (level 3, -6/19 HPs)
             Began as a Deep Elf Conjurer on Jan 29, 2024.
             Mangled by Crazy Yiuf
             ... wielding a +2 quarterstaff of chaos
              (11 damage)
             ... on level 3 of the Dungeon.
             The game lasted 00:09:23 (2430 turns).

pascalblue the Conjurer (Deep Elf Conjurer)         Turns: 2430, Time: 00:09:24

Health: -6/19      AC:  2    Str:  4    XL:     3   Next: 82%
Magic:  5/10       EV: 12    Int: 24    God:
Gold:   19         SH:  0    Dex: 13    Spells: 6/9 levels left

rFire   . . .        (no weapon)
rCold   . . .        (no shield)
rNeg    . . .        a - +0 robe
rPois   .            (no helmet)
rElec   .            (no cloak)
rCorr   .            (no gloves)
SInv    .            (no boots)
Will    .....        (no amulet)
Stlth   ++           (no ring)
HPRegen 0.23/turn    (no ring)
MPRegen 0.12/turn

%: no passive effects
@: no status effects
A: no striking features
a: no special abilities


You were on level 3 of the Dungeon.
You visited 1 branch of the dungeon, and saw 3 of its levels.

You collected 41 gold pieces.
You spent 22 gold pieces at shops.

Inventory:

Armour
 a - a +0 robe (worn)
Jewellery
 n - a ring of resist corrosion
 o - a ring of flight
Talismans
 e - a maw talisman
Scrolls
 c - 5 scrolls of teleportation
 h - a scroll of poison {unknown}
 i - a scroll of noise {unknown}
 l - a scroll of revelation {unknown}
 p - a scroll of identify
Potions
 b - a potion of magic
 d - a potion of curing {unknown}
 f - a potion of resistance {unknown}
 g - a potion of berserk rage {unknown}
 j - a potion of brilliance {unknown}
 k - a potion of invisibility {unknown}
 m - a potion of mutation {unknown}


   Skills:
 - Level 3.0 Dodging
 - Level 3.0 Stealth
 + Level 3.9 Spellcasting
 * Level 5.2 Conjurations


You had 6 spell levels left.
You knew the following spells:

 Your Spells              Type           Power      Damage    Failure   Level
a - Magic Dart            Conj           100%       1d8       1%          1
b - Searing Ray           Conj           58%        2d6       1%          2

Your spell library contained the following spells:

 Spells                   Type           Power      Damage    Failure   Level
 Fulminant Prism          Conj/Alch      8%         3d7       32%         4
 Iskenderun's Mystic Bla  Conj/Tloc      17%        2d5       32%         4


Dungeon Overview and Level Annotations

Branches:
Dungeon (3/15)

Altars:
Zin

Shops:
D:3 ?

Annotations:
D:3 Crazy Yiuf


Message History

Confirm with . or Enter, or press ? or * to list all spells.
Aiming: Searing Ray (safe; 1% risk of failure)
Press: ? - help, Shift-Dir - straight line, f/p - ribbon worm
Aim: a ribbon worm (severely wounded, 93% to hit)
The searing ray hits the ribbon worm!
You kill the ribbon worm! (Press . to maintain the ray.) Unknown command.
Your magical contamination has completely faded away.
There is an entrance to Dieng's Magic Scroll Emporium here.
p - a scroll of identify Thank you for shopping at Dieng's Magic Scroll Emporium!
As you read the scroll labelled EMMIZO MYNA, it crumbles to dust.
You feel strangely unstable.
It was a scroll of teleportation.
There is an entrance to Dieng's Magic Scroll Emporium here.
Your surroundings suddenly seem different.
Found a hammer.
Found a runed translucent door.
Okay, then.
You open the door.
Crazy Yiuf shouts!
Casting: Searing Ray (safe; 1% risk of failure)
Confirm with . or Enter, or press ? or * to list all spells.
Aiming: Searing Ray (safe; 1% risk of failure)
Press: ? - help, Shift-Dir - straight line, f - Crazy Yiuf
Aim: Crazy Yiuf, wielding a +2 quarterstaff of chaos and wearing a +0 cloak (82% to hit)
The searing ray misses Crazy Yiuf. (Press . to maintain the ray.)
The searing ray hits Crazy Yiuf.
Crazy Yiuf is moderately wounded.
The searing ray misses Crazy Yiuf.
Crazy Yiuf hits you with a +2 quarterstaff of chaos!
Ouch! That really hurt!
Crazy Yiuf freezes you.
* * * LOW HITPOINT WARNING * * *
The searing ray hits Crazy Yiuf!
Crazy Yiuf is severely wounded.
You finish channelling your searing ray.
Crazy Yiuf hits you with a +2 quarterstaff of chaos!
Ouch! That really hurt!
You die...

##..##
#....#
#....#
#...##
##.##
#.##
##.#
#.##
##@#
#g#
...
#...#
#..)#
#####


You could see Crazy Yiuf.

Vanquished Creatures
  An adder (D:2)
  2 ribbon worms
  2 dart slugs
  4 bats
  5 endoplasms
  3 giant cockroaches
  3 goblins
  2 hobgoblins (D:1)
  2 quokkas
  2 ball pythons
  7 kobolds
  10 rats
43 creatures vanquished.

Notes
Turn   | Place    | Note
-------+----------+-------------------------------------------
     0 | D:1      | pascalblue the Deep Elf Conjurer began the quest for the
                  | Orb.
     0 | D:1      | Reached XP level 1. HP: 10/10 MP: 6/6
   286 | D:1      | Reached XP level 2. HP: 15/15 MP: 5/8
  1239 | D:2      | Reached XP level 3. HP: 19/19 MP: 8/10
  1311 | D:2      | Learned a level 2 spell: Searing Ray
  1458 | D:2      | Found a faded altar of an unknown god.
  1470 | D:2      | Found a glowing silver altar of Zin.
  1768 | D:2      | Reached skill level 5 in Conjurations
  2282 | D:3      | Found Dieng's Magic Scroll Emporium.
  2382 | D:3      | Bought a scroll of identify for 22 gold pieces
  2422 | D:3      | Found a runed translucent door.
  2423 | D:3      | Noticed Crazy Yiuf
  2430 | D:3      | Mangled by Crazy Yiuf

Illustrated notes

Levels and vault maps discovered:
D:1:      arrival_zaba_pyramid, layout_basic, serial_aquarium,
          aquarium_bridge_square [aquarium_subvault_wall,
          aquarium_subvault_wall, aquarium_subvault_bridge,
          aquarium_subvault_wall], aquarium_bridge_long_joined
          [aquarium_subvault_window, aquarium_subvault_bridge,
          aquarium_subvault_window, aquarium_subvault_wall,
          aquarium_subvault_bridge, aquarium_subvault_wall],
          aquarium_window_fake, aquarium_window_1, aquarium_view_2d,
          aquarium_view_2e, aquarium_balcony_3a, aquarium_pool_split
D:2:      layout_loops_ring, basic_altar, hellmonk_ecumenical_altar_heavens_door
D:3:      layout_basic, serial_shops, shop, hex_tiny, uniq_crazy_yiuf_cottage

Skill      XL: |  1  2  3 |
---------------+----------+-----
Stealth        | 3 |  3.0
Dodging        | 3 |  3.0
Conjurations   | 5 |  5.2
Spellcasting   | |  3.9

Action                     || total
---------------------------++-------
   Cast: Magic Dart        ||    73
         Searing Ray       ||     5
    Use: Scroll            ||     1
 Armour: Robe              ||     8
  Dodge: Dodged            ||     9

Table legend: (Time is in decaauts)
 A = Elapsed time spent in this place.
 B = Non-inter-level travel time spent in this place.
 C = Inter-level travel time spent in this place.
 D = Time resting spent in this place.
 E = Time spent auto-exploring this place.
 F = Levels seen in this place.
 G = Mean time per level.
                   A        B        C        D        E       F      G
               +--------+--------+--------+--------+--------+-----+--------+
         Total |   2429 |   2335 |     94 |      0 |   2137 |   3 |  809.7 |
       Dungeon |   2429 |   2335 |     94 |      0 |   2137 |   3 |  809.7 |
               +--------+--------+--------+--------+--------+-----+--------+

Top non-repeatable levels by time:
     D:1: 1212 daAuts
     D:2: 1056 daAuts
     D:3: 160 daAuts
